 Dungeon Crawl Stone Soup version 0.23.2-33-g5129a83184 (webtiles) character file.

Game seed: 11448069346884281870

149 Descartes the Sneak (level 5, 0/25 HPs)
             Began as a Spriggan Enchanter on Aug 10, 2019.
             Slain by a hippogriff (5 damage)
             ... on level 3 of the Dungeon.
             The game lasted 00:11:26 (3982 turns).

Descartes the Sneak (Spriggan Enchanter)            Turns: 3982, Time: 00:11:28

Health: 0/25       AC:  5    Str:  9    XL:     5   Next: 9%
Magic:  10/10      EV: 19    Int: 16    God:
Gold:   176        SH:  0    Dex: 18    Spells: 1/10 levels left

rFire    . . .     SeeInvis +   z - +0 rapier
rCold    . . .     Gourm    .   (shield restricted)
rNeg     . . .     Faith    .   h - +0 robe (curse)
rPois    .         Spirit   .   (helmet restricted)
rElec    .         Reflect  .   (no cloak)
rCorr    .         Harm     .   (gloves unavailable)
MR       .....                  (boots unavailable)
Stlth    +++.......             y - amulet of the acrobat
HPRegen  0.08/turn              u - +3 ring of protection
MPRegen  0.12/turn              (no ring)

@: mighty, flying (expiring), very quick
A: very small, unfitting armour, see invisible, herbivore, speed 3, slow
metabolism 2
a: no special abilities


You were on level 3 of the Dungeon.
You were near starving.

You visited 1 branch of the dungeon, and saw 3 of its levels.

You collected 176 gold pieces.

Inventory:

Hand Weapons
 a - a +1 dagger
 w - a +0 falchion
 z - a +0 rapier (weapon)
Missiles
 b - 8 tomahawks
 c - 74 stones (quivered)
 e - 11 poisoned needles
 j - 21 arrows
 r - 52 sling bullets
Armour
 h - a cursed +0 robe (worn)
Jewellery
 u - a +3 ring of protection (left hand)
 y - an amulet of the acrobat (around neck)
Wands
 x - a wand of iceblast (9)
Scrolls
 f - a scroll of teleportation {unknown}
 i - a scroll of immolation {unknown}
 n - a scroll of amnesia {unknown}
 o - 2 scrolls of enchant weapon {unknown}
 p - a scroll of fog {unknown}
 s - a scroll of blinking {unknown}
 v - a scroll of remove curse {unknown}
Potions
 g - 2 potions of haste
 k - 2 potions of lignification {unknown}
 l - a potion of resistance
 t - a potion of mutation {unknown}
Comestibles
 d - 7 rations


   Skills:
 + Level 1.1 Fighting
 * Level 2.7 Short Blades
 + Level 3.7 Dodging
 * Level 6.0 Stealth
 + Level 3.2 Spellcasting
 + Level 0.4 Conjurations
 + Level 4.1 Hexes


You had one spell level left.
You knew the following spells:

 Your Spells              Type           Power        Failure   Level  Hunger
a - Confuse               Hex            ###.....     10%         3    ###....
b - Ensorcelled Hibernat  Hex/Ice        #.....       12%         2    ##.....
c - Dazzling Spray        Conj/Hex       #.....       22%         3    ###....
d - Corona                Hex            ###....      3%          1    None

Your spell library contained the following spells:

 Spells                   Type           Power        Failure   Level  Hunger
 Tukima's Dance           Hex            ###.....     10%         3    ###....


Dungeon Overview and Level Annotations

Branches:
Dungeon (3/15)

Altars:
Elyvilon
Yredelemnul

Annotations:
D:3 exclusion: hippogriff


Innate Abilities, Weirdness & Mutations

You are very small and have problems with some larger weapons.
You are too small for most types of armour.
You have supernaturally acute eyesight. (SInv)
You are a herbivore.
You cover ground extremely quickly.
You need to consume almost no food.


Message History

The hippogriff bites you. The hippogriff pecks you. The hippogriff claws you.
You are near starving!
You puncture the hippogriff!
The hippogriff is heavily wounded.
The hippogriff bites you but does no damage.
The hippogriff pecks you.
* * * LOW HITPOINT WARNING * * *
The hippogriff barely misses you.
You barely miss the hippogriff.
The hippogriff is heavily wounded.
The hippogriff closely misses you. The hippogriff barely misses you.
The hippogriff misses you.
You hit the hippogriff.
The hippogriff is heavily wounded.
The hippogriff barely misses you. x2; The hippogriff closely misses you.
You completely miss the hippogriff.
The hippogriff is heavily wounded.
The hippogriff bites you but does no damage.
The hippogriff closely misses you. The hippogriff claws you.
You die...

..##*..#.# #,,* ...#*#.#.#
##.** ...###.#.## *..#######
..........###,#....$.#
...........##.#......#
#.#...........#..)...#
#.#......†.....##.####
#.....[..>###..H..#
#[......<.# #...@.########
#.........#*#.#.#.#......##
#.........##.,#.#.........##
♣.........##.##.#..........#
..#....)..##.#..#..........#
.♣#.#.#....................#
♣##.#.##...................#
♣#..#.##...................#
##....###........#........##


You could see a hippogriff.

Vanquished Creatures
  An orc wizard (D:2)
  Ijyb (D:3)
  A hound zombie (D:3)
  An adder (D:3)
  An ooze (D:2)
  2 worms
  3 dart slugs
  A leopard gecko (D:2)
  3 orcs
  A giant cockroach (D:3)
  8 goblins
  7 hobgoblins
  4 jackals (D:2)
  2 kobolds
  A quokka (D:3)
  6 bats
  3 frilled lizards
  3 rats
49 creatures vanquished.

Notes
Turn   | Place    | Note
-------+----------+-------------------------------------------
     0 | D:1      | Descartes the Spriggan Enchanter began the quest for the
                  | Orb.
     0 | D:1      | Reached XP level 1. HP: 9/9 MP: 5/5
   506 | D:1      | Reached XP level 2. HP: 13/13 MP: 6/6
   770 | D:1      | Learned a level 2 spell: Ensorcelled Hibernation
   919 | D:2      | Reached skill level 5 in Stealth
  1787 | D:2      | Reached XP level 3. HP: 13/17 MP: 5/8
  2628 | D:2      | Reached XP level 4. HP: 17/21 MP: 9/9
  2678 | D:2      | Learned a level 3 spell: Confuse
  2682 | D:2      | Learned a level 3 spell: Dazzling Spray
  3015 | D:3      | Found a basalt altar of Yredelemnul.
  3033 | D:3      | Noticed a hippogriff
  3425 | D:3      | Reached skill level 1 in Fighting
  3450 | D:3      | Noticed Ijyb
  3454 | D:3      | Killed Ijyb
  3517 | D:3      | Reached XP level 5. HP: 16/25 MP: 10/10
  3767 | D:3      | Reached skill level 6 in Stealth
  3843 | D:3      | Found a white marble altar of Elyvilon.
  3982 | D:3      | Slain by a hippogriff

Skill      XL: |  1  2  3  4  5 |
---------------+----------------+-----
Stealth        | 5 6 |  6.0
Short Blades   | 2 |  2.7
Spellcasting   | 3 |  3.2
Hexes          | 4 |  4.1
Fighting       | 1 |  1.1
Dodging        | |  3.7
Conjurations   | |  0.4

Action                   |  1- 3 |  4- 6 || total
-------------------------+-------+-------++-------
Melee: Dagger            |   169 |   179 ||   348
       Rapier            |       |     5 ||     5
 Cast: Confuse           |       |     1 ||     1
  Use: Scroll            |     3 |     1 ||     4
       Potion            |       |     3 ||     3
 Stab: Sleeping          |     7 |     4 ||    11
       Distracted        |     1 |       ||     1
Armor: Robe              |     7 |    19 ||    26
Dodge: Dodged            |   107 |   145 ||   252
